cohdb
Replays
Latest Replays
All Replays
Popular Replays
Top Player Replays
Match Explorer
How It Works
Community
CoH3 Stats
Reddit
Sign in to upload your games and track your stats! →
Sign in with Steam
Match 46453137
Unlisted
Match 46453137
Overview
Messages
Build Orders
End
Construct Infanterie Kompanie
Pioneer Squad
Selects Mechanized Battlegroup
Grenadier Squad
Grenadier Squad
Grenadier Squad
Construct Panzergrenadier Kompanie
Panzergrenadier Squad
Panzergrenadier Officer Quarters
Medical Station
Selects Spotting Scopes
Selects Stoßtruppen Assault Package
Pak 40 Anti-tank Gun Team
Pak 40 Anti-tank Gun Team
Construct Panzer Kompanie
Selects Raid Package
Selects 8 Rad Armored Car
Selects UNKNOWN (2160084)
Panzer IV Medium Tank
Stoßtruppen Squad
Selects Zeroing Artillery Barrage
Panther Heavy Tank
Angrybirds
Xufe
帝国大机霸贝克尔少校
aSIIDemolitionHammer
0
0
Comments
sign in to comment!
No comments posted yet!